 Dungeon Crawl Stone Soup version 0.29-a0-555-g3b24f45cc1 (console) character file.

Game seed: 15007889879264352177

5366 om the Grappler (level 10, -6/76 HPs)
             Began as a Gnoll Transmuter on June 7, 2022.
             Was an Initiate of Cheibriados.
             Mangled by a yak (11 damage)
             ... on level 9 of the Dungeon.
             The game lasted 00:18:39 (12150 turns).

om the Grappler (Gnoll Transmuter)                 Turns: 12150, Time: 00:18:40

Health: -6/76      AC:  2    Str: 14    XL:     10   Next: 65%
Magic:  19/21      EV: 28    Int: 15    God:    Cheibriados [......]
Gold:   673        SH:  0    Dex: 18    Spells: 4/24 levels left

rFire   . . .      SeeInvis .     - Unarmed
rCold   . . .      Faith    .   (shield currently unavailable)
rNeg    . . .      Spirit   .   (body armour currently unavailable)
rPois   x          Reflect  .   (helmet currently unavailable)
rElec   .          Harm     .   (cloak currently unavailable)
rCorr   +          Rampage  .   (gloves currently unavailable)
Will    .....                   (boots currently unavailable)
Stlth   +++.......              (no amulet)
HPRegen 0.22/turn               d - ring of resist corrosion
MPRegen 0.17/turn               k - +4 ring of evasion

@: spider-form, very slow
A: venomous fangs, tiny, (fangs 1), strong nose, distributed training
a: End Transformation, Renounce Religion


You were on level 9 of the Dungeon.
You worshipped Cheibriados.
Cheibriados was noncommittal.
You were a venomous arachnid creature.
You visited 2 branches of the dungeon, and saw 10 of its levels.
You also visited: Ossuary.

You collected 673 gold pieces.

Inventory:

Hand Weapons
 t - a +4 quarterstaff of protection (melded)
 x - a +1 vorpal quarterstaff
Missiles
 E - a throwing net
Armour
 a - a +0 robe
 u - a +2 cloak (melded)
 F - the +5 robe "Rekivat" (melded) {rPois rF+ Str+5 Int-4}
   (You found it on level 8 of the Dungeon)

   Str:       It affects your strength (+5).
   Int:       It affects your intelligence (-4).
   rF:        It protects you from fire.
   rPois:     It protects you from poison.
 H - a +0 pair of gloves (melded)
 I - a +0 helmet (melded)
Jewellery
 d - a ring of resist corrosion (left front leg)
 k - a +4 ring of evasion (right front leg)
 n - the ring of Vuawnue {Drain rPois rC- Str+6 Slay+5}
   (You took it off Robin on level 4 of the Dungeon)

   [ring of strength]

   Str:       It affects your strength (+6).
   Slay:      It affects your accuracy & damage with ranged weapons and melee
   (+5).
   rC:        It makes you vulnerable to cold.
   rPois:     It protects you from poison.
   Drain:     It drains your maximum health when unequipped.
 p - a ring of flight
 z - an amulet of guardian spirit
Wands
 C - a wand of mindburst (14)
 D - a wand of polymorph (10)
 G - a wand of acid (12)
Scrolls
 c - a scroll of magic mapping
 f - 4 scrolls of teleportation
 g - a scroll of poison
 i - 3 scrolls of amnesia {unknown}
 m - a scroll of fog
 o - 5 scrolls of enchant weapon
 q - a scroll of brand weapon
 r - 2 scrolls of vulnerability
 s - a scroll of silence {unknown}
 v - 2 scrolls of blinking
 y - a scroll of torment
Potions
 b - 2 potions of lignification
 e - 2 potions of berserk rage
 h - 4 potions of cancellation
 j - a potion of haste
 l - 3 potions of brilliance
 w - a potion of magic {unknown}
 A - a potion of mutation {unknown}
 B - 2 potions of heal wounds


   Skills:
 + Level 6.1 Fighting
 + Level 5.5 Short Blades
 + Level 5.5 Long Blades
 + Level 5.5 Axes
 + Level 5.5 Maces & Flails
 + Level 5.5 Polearms
 + Level 5.5 Staves
 + Level 5.5 Slings
 + Level 5.5 Bows
 + Level 5.5 Crossbows
 + Level 5.5 Throwing
 + Level 5.5 Armour
 + Level 7.2 Dodging
 + Level 5.5 Stealth
 + Level 5.5 Shields
 + Level 8.6 Unarmed Combat
 + Level 7.5 Spellcasting
 + Level 4.5 Conjurations
 + Level 4.5 Hexes
 + Level 4.5 Summonings
 + Level 4.5 Necromancy
 + Level 4.5 Translocations
 + Level 6.0 Transmutations
 + Level 4.5 Fire Magic
 + Level 4.5 Ice Magic
 + Level 4.5 Air Magic
 + Level 4.5 Earth Magic
 + Level 4.5 Poison Magic
 + Level 6.0 Invocations
 + Level 5.5 Evocations


You had 4 spell levels left.
You knew the following spells:

 Your Spells              Type           Power      Damage    Failure   Level
a - Beastly Appendage     Tmut           46%        N/A       5%          1
b - Wereblood             Tmut           23%        N/A       7%          2
c - Spider Form           Tmut/Pois      21%        N/A       13%         3
d - Slow                  Hex            76%        N/A       8%          1
e - Confusing Touch       Hex            19%        N/A       17%         3
f - Sting                 Tmut/Pois      84%        1d7       6%          1
g - Poisonous Vapours     Pois/Air       38%        N/A       11%         2
h - Mephitic Cloud        Conj/Pois/Air  19%        N/A       17%         3
i - Ice Form              Ice/Tmut       21%        N/A       32%         4

Your spell library contained the following spells:

 Spells                   Type           Power      Damage    Failure   Level
 Shock                    Conj/Air       76%        1d7       8%          1
 Summon Small Mammal      Summ           76%        N/A       8%          1
 Static Discharge         Conj/Air       19%        N/A       11%         2
 Ignite Poison            Fire/Tmut/Pois 20%        N/A       14%         3
 Call Canine Familiar     Summ           19%        N/A       17%         3
 Stone Arrow              Conj/Erth      38%        3d9       17%         3
 Summon Guardian Golem    Hex/Summ       19%        N/A       17%         3
 Vampiric Draining        Necr           19%        2d7       17%         3
 Animate Armour           Summ/Erth      38%        N/A       38%         4
 Olgreb's Toxic Radiance  Pois           19%        N/A       38%         4
 Freezing Cloud           Conj/Ice/Air   9%         6-21      69%         5
 Lehudib's Crystal Spear  Conj/Erth      9%         10d4      100%        8
 Summon Horrible Things   Summ           9%         N/A       100%        8
 Chain Lightning          Conj/Air       9%         3d12      100%        9


Dungeon Overview and Level Annotations

Branches:
Dungeon (9/15)             Temple (1/1) D:7         Ossuary (visited)
   Lair: D:8-11         Orc: D:9-12

Altars:
Ashenzari
Cheibriados
Dithmenos
Elyvilon
Fedhas
Gozag
Hepliaklqana
Kikubaaqudgha
Makhleb
Nemelex Xobeh
Okawaru
Qazlal
Ru
Sif Muna
Trog
Uskayaw
Vehumet
Wu Jian
Xom
Yredelemnul
Zin
The Shining One

Shops:
D:5 (


Innate Abilities, Weirdness & Mutations

You are a venomous arachnid creature.
You have poisonous fangs.
You are tiny and dextrous.
Your spellcasting is less reliable in this form.
Your armour is entirely melded.
You are incapable of wielding weapons or throwing items.
((You have very sharp teeth.))
Your uncanny sense of smell can sniff out nearby items.
Your experience applies equally to all skills.


Message History

The yak misses you. The yak gores you. The yak misses you.
There is an open door, spattered with blood here.
You see here a yak corpse.
You barely miss the yak. The yak completely misses you. The yak gores you.
The yak completely misses you.
You hit the yak but do no damage.
The yak is poisoned.
The yak completely misses you. x2; The yak gores you.
You bite the yak!
The yak looks as sick as possible!
The yak is heavily wounded.
The yak gores you. x2
* * * LOW HITPOINT WARNING * * *
The yak completely misses you.
You hit the yak.
The yak is lightly wounded.
Your transformation has ended.
Your +4 quarterstaff of protection unmelds from your body.
Your +2 cloak unmelds from your body.
Your +0 helmet unmelds from your body.
Your +0 pair of gloves unmelds from your body.
The +5 robe "Rekivat" {rPois rF+ Str+5 Int-4} unmelds from your body.
Your +4 quarterstaff of protection hums with potential!
The yak completely misses you. The yak misses you.
Casting: Spider Form (dangerous; 5% risk of failure)
Confirm with . or Enter, or press ? or * to list all spells.
You turn into a venomous arachnid creature.
Your +4 quarterstaff of protection melds into your body.
Your +2 cloak melds into your body.
Your +0 helmet melds into your body.
Your +0 pair of gloves melds into your body.
The +5 robe "Rekivat" {rPois rF+ Str+5 Int-4} melds into your body.
Your +4 quarterstaff of protection goes still.
The yak gores you.
* * * LOW HITPOINT WARNING * * *
The yak gores you!
* * * LOW HITPOINT WARNING * * *
The yak attacks as you move away! The yak gores you!
* * * LOW HITPOINT WARNING * * *
The yak looks more healthy.
The yak attacks as you move away! The yak completely misses you.
The yak looks more healthy.
The yak attacks as you move away! The yak gores you!
You die...

#............#........#.......#
.............#.....)..#.......#
#.........#........#.......#
...#####.....#........#.......#
.......Y..####........#.......#
.......#.Y# ..........#........
.......#Y.#...........#........
.......#..#############).......
####+###..Y...Ys...<)[)).......
.........YY......###########
.................#
...........######.#
...........# #.# ...........#
#.# ...#######.# #.# .. #.# #.#
#.#


You could see 4 yaks.

Vanquished Creatures
  A two-headed ogre (D:7)
  Grinder (D:4)
  Sigmund (D:5)
  8 yaks
  An acid dragon (D:8)
  2 orc warriors
  2 sky beasts (D:7)
  An ice beast (D:5)
  A centaur (D:8)
  A phantom (D:4)
  2 kobold brigands
  7 bullfrogs
  A gnoll sergeant (D:7)
  2 necrophages
  3 scorpions
  3 wights (D:8)
  5 howler monkeys
  3 centaur zombies (Ossuary)
  A human zombie (Ossuary)
  6 jellies
  7 orc priests
  5 hounds
  Crazy Yiuf (D:3)
  2 iguanas
  8 orc wizards
  2 mummies (Ossuary)
  Robin (D:4)
  5 gnolls (D:8)
  6 adders
  A shadow imp (D:7)
  3 white imps
  3 ufetubi (D:6)
  7 worms
  2 dart slugs
  16 orcs
  6 ball pythons
  3 bats
  14 endoplasms
  3 giant cockroaches
  17 goblins
  10 hobgoblins
  3 quokkas
  3 frilled lizards
  2 goblin zombies (Ossuary)
  10 hobgoblin zombies (Ossuary)
  2 jackal zombies (Ossuary)
  16 kobolds
  8 kobold zombies (Ossuary)
  9 orc zombies (Ossuary)
  5 rats
  2 rat zombies (Ossuary)
234 creatures vanquished.

Vanquished Creatures (collateral kills)
  A giant cockroach (D:4)
1 creature vanquished.

Vanquished Creatures (others)
  A fungus (D:3)
1 creature vanquished.

Grand Total: 236 creatures vanquished

Notes
Turn   | Place    | Note
-------+----------+-------------------------------------------
     0 | D:1      | om the Gnoll Transmuter began the quest for the Orb.
     0 | D:1      | Reached XP level 1. HP: 17/17 MP: 6/6
    35 | D:1      | Reached XP level 2. HP: 17/23 MP: 7/7
   631 | D:1      | Reached XP level 3. HP: 19/28 MP: 7/9
   752 | D:1      | Reached skill level 5 in Spellcasting
   771 | D:1      | Learned a level 2 spell: Wereblood
   775 | D:1      | Learned a level 3 spell: Spider Form
  1112 | D:2      | Reached skill level 1 in Invocations
  1331 | D:2      | Noticed a necrophage
  1333 | D:2      | Reached skill level 1 in Short Blades
  1333 | D:2      | Reached skill level 1 in Long Blades
  1333 | D:2      | Reached skill level 1 in Axes
  1333 | D:2      | Reached skill level 1 in Maces & Flails
  1333 | D:2      | Reached skill level 1 in Polearms
  1333 | D:2      | Reached skill level 1 in Staves
  1333 | D:2      | Reached skill level 1 in Slings
  1333 | D:2      | Reached skill level 1 in Bows
  1333 | D:2      | Reached skill level 1 in Crossbows
  1333 | D:2      | Reached skill level 1 in Throwing
  1333 | D:2      | Reached skill level 1 in Armour
  1333 | D:2      | Reached skill level 1 in Stealth
  1333 | D:2      | Reached skill level 1 in Shields
  1333 | D:2      | Reached skill level 1 in Evocations
  1345 | D:2      | Killed a necrophage
  1346 | D:2      | Reached skill level 1 in Conjurations
  1346 | D:2      | Reached skill level 1 in Hexes
  1346 | D:2      | Reached skill level 1 in Summonings
  1346 | D:2      | Reached skill level 1 in Necromancy
  1346 | D:2      | Reached skill level 1 in Translocations
  1346 | D:2      | Reached skill level 1 in Fire Magic
  1346 | D:2      | Reached skill level 1 in Ice Magic
  1346 | D:2      | Reached skill level 1 in Air Magic
  1346 | D:2      | Reached skill level 1 in Earth Magic
  1346 | D:2      | Reached skill level 1 in Poison Magic
  1346 | D:2      | Reached XP level 4. HP: 29/34 MP: 8/11
  1407 | D:2      | Reached XP level 5. HP: 38/40 MP: 10/12
  1533 | D:2      | Found a faded altar of an unknown god.
  2337 | D:3      | Learned a level 1 spell: Slow
  2341 | D:3      | Learned a level 3 spell: Confusing Touch
  2710 | D:3      | Found a runed translucent door.
  2711 | D:3      | Noticed Crazy Yiuf
  2719 | D:3      | Killed Crazy Yiuf
  2901 | D:4      | Found a sand-covered staircase.
  2910 | Ossuary  | Entered an ossuary
  3069 | Ossuary  | Reached XP level 6. HP: 47/47 MP: 10/13
  3092 | Ossuary  | Reached skill level 5 in Dodging
  3543 | D:4      | Reached XP level 7. HP: 50/52 MP: 12/15
  3582 | D:4      | Reached skill level 7 in Unarmed Combat
  3748 | D:4      | Noticed Robin
  3937 | D:4      | Noticed Grinder
  3956 | D:4      | Paralysed by Grinder for 2 turns
  3972 | D:4      | Paralysed by Grinder for 2 turns
  3974 | D:4      | Killed Grinder
  4246 | D:4      | Reached XP level 8. HP: 43/60 MP: 16/16
  4468 | D:4      | Identified the ring of Vuawnue {Drain rPois rC- Str+6
                  | Slay+5}
  4486 | D:4      | Killed Robin
  5207 | D:5      | Entered Level 5 of the Dungeon
  5216 | D:5      | Learned a level 1 spell: Sting
  5219 | D:5      | Learned a level 2 spell: Poisonous Vapours
  5223 | D:5      | Learned a level 3 spell: Mephitic Cloud
  5630 | D:5      | Found Xipa's Weapon Emporium.
  5670 | D:5      | Noticed Sigmund
  5681 | D:5      | Killed Sigmund
  6764 | D:6      | Reached XP level 9. HP: 65/66 MP: 15/18
  6843 | D:6      | Reached skill level 5 in Transmutations
  7882 | D:7      | Found a staircase to the Ecumenical Temple.
  7893 | D:7      | Reached skill level 5 in Fighting
  7899 | Temple   | Entered the Ecumenical Temple
  8600 | D:7      | Noticed a two-headed ogre
  8611 | D:7      | Killed a two-headed ogre
  8612 | D:7      | Reached skill level 8 in Unarmed Combat
  8612 | D:7      | Reached skill level 5 in Invocations
  8986 | D:7      | Learned a level 4 spell: Ice Form
  9676 | D:8      | Got Biybbuj's Collected Works on the Creative Birds
  9729 | D:8      | Reached XP level 10. HP: 74/74 MP: 15/20
 10073 | D:8      | Identified the +5 robe "Rekivat" {rPois rF+ Str+5 Int-4}
 10184 | D:8      | Reached skill level 5 in Short Blades
 10184 | D:8      | Reached skill level 5 in Long Blades
 10184 | D:8      | Reached skill level 5 in Axes
 10184 | D:8      | Reached skill level 5 in Maces & Flails
 10184 | D:8      | Reached skill level 5 in Polearms
 10184 | D:8      | Reached skill level 5 in Staves
 10184 | D:8      | Reached skill level 5 in Slings
 10184 | D:8      | Reached skill level 5 in Bows
 10184 | D:8      | Reached skill level 5 in Crossbows
 10184 | D:8      | Reached skill level 5 in Throwing
 10184 | D:8      | Reached skill level 5 in Armour
 10184 | D:8      | Reached skill level 5 in Stealth
 10184 | D:8      | Reached skill level 5 in Shields
 10184 | D:8      | Reached skill level 5 in Evocations
 11872 | D:9      | Found a snail-covered altar of Cheibriados.
 11901 | D:9      | Found an ornate altar of the Wu Jian Council.
 11968 | D:9      | Became a worshipper of Cheibriados the Contemplative
 12142 | D:9      | HP: 2/76 [yak (8)]
 12150 | D:9      | Mangled by a yak

Illustrated notes

Levels and vault maps discovered:
D:1:      minmay_arrival_glassed_features, layout_basic
D:2:      kennysheep_the_goblin_king, layout_basic,
          hellmonk_ecumenical_altar_run_dry
D:3:      layout_basic, minmay_starry_boxes, uniq_crazy_yiuf_cottage
D:4:      layout_basic, nicolae_ossuary_entry_ruins, uniq_grinder, uniq_robin
D:5:      minmay_chambers_of_fours, layout_cave_pods, serial_glass,
          glass_columns_c, glass_columns_a, due_unseen_surprise,
          feat_on_display, item_on_display_a, feat_on_display, serial_shops,
          shop, uniq_sigmund
D:6:      layout_cave_pools, kennysheep_doodads
D:7:      layout_basic, temple_fountains, minmay_small_thing
D:8:      layout_basic, grunt_ministairs_11
D:9:      layout_irregular_city, mainiacjoe_overflow_two_lobes, serial_shops,
          nicolae_stop_n_shop_2
Temple:   mainiacjoe_temple_cubbyholes

Skill      XL: |  1  2  3  4  5  6  7  8  9 10 |
---------------+-------------------------------+-----
Spellcasting   | 5 6 7 |  7.5
Invocations    | 1 2 3 4 5 6 |  6.0
Short Blades   | 1 2 3 4 5 |  5.5
Long Blades    | 1 2 3 4 5 |  5.5
Axes           | 1 2 3 4 5 |  5.5
Maces & Flails | 1 2 3 4 5 |  5.5
Polearms       | 1 2 3 4 5 |  5.5
Staves         | 1 2 3 4 5 |  5.5
Slings         | 1 2 3 4 5 |  5.5
Bows           | 1 2 3 4 5 |  5.5
Crossbows      | 1 2 3 4 5 |  5.5
Throwing       | 1 2 3 4 5 |  5.5
Armour         | 1 2 3 4 5 |  5.5
Stealth        | 1 2 3 4 5 |  5.5
Shields        | 1 2 3 4 5 |  5.5
Evocations     | 1 2 3 4 5 |  5.5
Conjurations   | 1 2 3 4 |  4.5
Hexes          | 1 2 3 4 |  4.5
Summonings     | 1 2 3 4 |  4.5
Necromancy     | 1 2 3 4 |  4.5
Translocations | 1 2 3 4 |  4.5
Fire Magic     | 1 2 3 4 |  4.5
Ice Magic      | 1 2 3 4 |  4.5
Air Magic      | 1 2 3 4 |  4.5
Earth Magic    | 1 2 3 4 |  4.5
Poison Magic   | 1 2 3 4 |  4.5
Fighting       | 3 4 5 6 |  6.1
Transmutations | 4 5 6 |  6.0
Dodging        | 5 6 7 |  7.2
Unarmed Combat | 7 8 |  8.6

Action                   |  1- 3 |  4- 6 |  7- 9 | 10-12 || total
-------------------------+-------+-------+-------+-------++-------
Melee: Unarmed           |    89 |   162 |   244 |   102 ||   597
       Kick              |    17 |    14 |       |       ||    31
       Headbutt          |    10 |    11 |       |       ||    21
       Punch             |     1 |     3 |       |       ||     4
       Bite              |     2 |     4 |     2 |     1 ||     9
       Quarterstaff      |       |       |    42 |     4 ||    46
 Cast: Beastly Appendage |    23 |    19 |     1 |       ||    43
       Wereblood         |     4 |     4 |       |       ||     8
       Spider Form       |     1 |    11 |    38 |     6 ||    56
       Ice Form          |       |       |     4 |     8 ||    12
Evoke: Wand              |       |       |     1 |       ||     1
  Use: Scroll            |     3 |     6 |     8 |     1 ||    18
       Potion            |       |       |     3 |       ||     3
 Stab: Sleeping          |     1 |     3 |     4 |     1 ||     9
Armor: Robe              |    10 |    26 |    21 |       ||    57
       Skin              |     1 |     7 |    19 |    12 ||    39
Dodge: Dodged            |    55 |   119 |   292 |   100 ||   566

Table legend: (Time is in decaauts)
 A = Elapsed time spent in this place.
 B = Non-inter-level travel time spent in this place.
 C = Inter-level travel time spent in this place.
 D = Time resting spent in this place.
 E = Time spent auto-exploring this place.
 F = Levels seen in this place.
 G = Mean time per level.
                   A        B        C        D        E       F      G
               +--------+--------+--------+--------+--------+-----+--------+
         Total |  12105 |  11455 |    650 |   2584 |   7109 |  11 | 1100.5 |
       Dungeon |  11178 |  10581 |    597 |   2547 |   6495 |   9 | 1242.0 |
        Temple |    345 |    292 |     53 |      0 |    289 |   1 |  345.0 |
       Ossuary |    581 |    581 |      0 |     37 |    325 |   1 |  581.0 |
               +--------+--------+--------+--------+--------+-----+--------+

Top non-repeatable levels by time:
     D:8: 1951 daAuts
     D:4: 1754 daAuts
     D:7: 1715 daAuts
     D:5: 1329 daAuts
     D:1: 1090 daAuts
     D:3: 1040 daAuts
     D:6: 809 daAuts
     D:9: 750 daAuts
     D:2: 736 daAuts
 Ossuary: 581 daAuts
  Temple: 345 daAuts
